 Dungeon Crawl Stone Soup version 0.27-a0-972-gd1521fd518 (webtiles) character file.

Game seed: 7999136685184313271

74 dolemite99 the Chopper (level 4, -10/39 HPs)
             Began as a Minotaur Monk on Apr 14, 2021.
             Mangled by an ogre
             ... wielding a +0 giant spiked club
              (15 damage)
             ... on level 4 of the Dungeon.
             The game lasted 00:02:25 (2994 turns).

dolemite99 the Chopper (Minotaur Monk)              Turns: 2994, Time: 00:02:25

Health: -10/39     AC: 11    Str: 14 (17) XL:     4   Next: 10%
Magic:  3/3        EV:  4    Int:  6 (7)  God:
Gold:   61         SH:  0    Dex: 10 (12) Spells: 3/3 levels left

rFire    . . .     SeeInvis .   a - +1 hand axe
rCold    . . .     Faith    .   (no shield)
rNeg     . . .     Spirit   .   l - +1 plate armour
rPois    .         Reflect  .   (helmet restricted)
rElec    .         Harm     .   (no cloak)
rCorr    .         Rampage  .   (no gloves)
Will     .....                  (no boots)
Stlth    ..........             (no amulet)
HPRegen  0.13/turn              (no ring)
MPRegen  0.08/turn              (no ring)

@: no status effects
A: horns 2, retaliatory headbutt
a: no special abilities


You were on level 4 of the Dungeon.
You visited 1 branch of the dungeon, and saw 4 of its levels.

You collected 61 gold pieces.

Inventory:

Hand Weapons
 a - a +1 hand axe (weapon)
Missiles
 d - 52 bolts
 f - 69 stones (quivered)
 n - 27 arrows
Armour
 b - a +0 robe
 c - a +0 ring mail
 l - a +1 plate armour (worn)
Jewellery
 o - a +6 ring of intelligence
Scrolls
 k - a scroll of amnesia {unknown}
 m - a scroll of magic mapping {unknown}
 p - a scroll of fear {unknown}
 q - a scroll of identify {unknown}
Potions
 g - a potion of degeneration
 i - a potion of ambrosia {unknown}


   Skills:
 - Level 3.6 Fighting
 + Level 6.0 Axes
 - Level 3.2 Dodging
 - Level 1.5 Stealth


You had 3 spell levels left.
You didn't know any spells.
Your spell library was empty.

Dungeon Overview and Level Annotations

Branches:
Dungeon (4/15)
 Temple: D:4-7

Altars:
Ru

Annotations:
D:3 Ijyb, Jessica, Natasha


Innate Abilities, Weirdness & Mutations

You have a pair of horns on your head.
You reflexively headbutt those who attack you in melee.


Message History

Found a stone staircase leading down.
Natasha growls.
The crimson imp blinks!
Natasha hisses.
An orc comes into view. It is wielding a +0 hand axe.
The crimson imp blinks!
There is a stone staircase leading down here.
The hobgoblin hits you.
You climb downwards. 3 orcs, an orc priest and a phantom come into view.
The orc priest is wielding a +0 mace of holy wrath.
The orc shouts!
The orc priest shouts!
The orc shouts! x2
You hear an angry hiss.
Found 9 gold pieces.
Found a stone staircase leading down.
There is a stone staircase leading up here.
The hobgoblin completely misses you. The phantom hits you!
The phantom blinks!
You blink.
You stop ascending the stairs.
Found 26 stones.
The phantom barely misses you.
Found an escape hatch in the ceiling.
An ogre comes into view. It is wielding a +0 giant spiked club.
The ogre shouts!
The ogre moves out of view.
Found an escape hatch in the floor.
The ogre barely misses you. You furiously retaliate!
You headbutt the ogre.
The ogre hits you with a +0 giant spiked club.
There is an escape hatch in the floor here.
Found 11 gold pieces.
You see here 11 gold pieces.
It was a potion of degeneration.
There was something very wrong with that liquid.
You feel weakened.
You feel dopey.
You feel clumsy.
The ogre hits you with a +0 giant spiked club!!
Ouch! That really hurt!
* * * LOW HITPOINT WARNING * * *
Your plate armour prevents you from hitting the ogre.
Your headbutt misses the ogre.
The ogre is lightly wounded.
The ogre hits you with a +0 giant spiked club!
You die...

......# #.#
......# ...
....<.##.#
...o.oo..#
##+#..o#####
#.....# ..
#..##.# #.####
#..##.##.#....#
#..##o##.# #@#
.#$....##.# #O#
...(.....#.# #W#
.....###g#.####g#
#.#.. #.#.#....#
# #..###.#.##.###
#.......g>g.#
..#.###.#.##.#
...#.####


You could see a phantom, an ogre and a hobgoblin.

Vanquished Creatures
  2 adders (D:2)
  5 ball pythons
  3 endoplasms (D:1)
  5 giant cockroaches
  4 goblins
  4 hobgoblins
  9 jackals
  3 quokkas
  2 bats (D:1)
  A frilled lizard (D:1)
  6 kobolds
  4 rats
48 creatures vanquished.

Notes
Turn   | Place    | Note
-------+----------+-------------------------------------------
     0 | D:1      | dolemite99 the Minotaur Monk began the quest for the Orb.
     0 | D:1      | Reached XP level 1. HP: 19/19 MP: 0/0
   340 | D:1      | Reached skill level 4 in Axes
   408 | D:1      | Reached XP level 2. HP: 21/26 MP: 1/1
  1463 | D:1      | Reached skill level 5 in Axes
  1662 | D:2      | Reached XP level 3. HP: 31/31 MP: 2/2
  1892 | D:2      | Found a sacrificial altar of Ru.
  2468 | D:2      | Reached skill level 6 in Axes
  2468 | D:2      | Reached XP level 4. HP: 39/39 MP: 3/3
  2932 | D:3      | Noticed Jessica
  2933 | D:3      | Noticed Ijyb
  2953 | D:3      | Noticed Natasha
  2971 | D:4      | Noticed a phantom
  2982 | D:4      | Noticed an ogre
  2994 | D:4      | Mangled by an ogre

Illustrated notes

Levels and vault maps discovered:
D:1:      denvon_arrival_waterhouse, layout_basic
D:2:      layout_basic, basic_altar
D:3:      layout_basic, lemuel_doored_altar, hellmonk_ecumenical_altar_lost_god,
          minmay_misc_feat_iff, uniq_natasha, uniq_jessica, uniq_ijyb
D:4:      corexii_shantytown, layout_basic, grunt_qazlal_clouds

Skill      XL: |  1  2  3 |
---------------+----------+-----
Axes           | 4 5 6 |  6.0
Fighting       | |  3.6
Dodging        | |  3.2
Stealth        | |  1.5

Action                   |  1- 3 |  4- 6 || total
-------------------------+-------+-------++-------
Melee: Hand axe          |    94 |    11 ||   105
       Headbutt          |    14 |     2 ||    16
Throw: Stone             |    53 |     8 ||    61
  Use: Scroll            |       |     3 ||     3
       Potion            |       |     1 ||     1
Armor: Ring mail         |    19 |       ||    19
       Plate armour      |     5 |     7 ||    12
Dodge: Dodged            |    52 |     5 ||    57

Table legend: (Time is in decaauts)
 A = Elapsed time spent in this place.
 B = Non-inter-level travel time spent in this place.
 C = Inter-level travel time spent in this place.
 D = Time resting spent in this place.
 E = Time spent auto-exploring this place.
 F = Levels seen in this place.
 G = Mean time per level.
                   A        B        C        D        E       F      G
               +--------+--------+--------+--------+--------+-----+--------+
         Total |   3003 |   2907 |     96 |    150 |   2335 |   4 |  750.8 |
       Dungeon |   3003 |   2907 |     96 |    150 |   2335 |   4 |  750.8 |
               +--------+--------+--------+--------+--------+-----+--------+

Top non-repeatable levels by time:
     D:1: 1618 daAuts
     D:2: 1177 daAuts
     D:3: 184 daAuts
     D:4: 22 daAuts
